 Dungeon Crawl Stone Soup version 0.29.0-4-gdea44cf6ec (webtiles) character file.

Game seed: 9958800679937946382

33 Destructed3 the Magician (level 3, -2/26 HPs)
             Began as a Djinni Fire Elementalist on Aug 27, 2022.
             Slain by a gnoll
             ... wielding a +0 whip
              (6 damage)
             ... on level 2 of the Dungeon.
             The game lasted 00:04:13 (1453 turns).

Destructed3 the Magician (Djinni Fire Elementalist) Turns: 1453, Time: 00:04:14

Health: -2/26      AC:  2    Str:  7    XL:     3   Next: 47%
Gold:   97         EV: 12    Int: 18    God:
                   SH:  0    Dex: 13

rFire   + + .      SeeInvis .   e - +2 dagger (drain)
rCold   x . .      Faith    .   (no shield)
rNeg    . . .      Spirit   .   a - +0 robe
rPois   ∞          Reflect  .   (no helmet)
rElec   .          Harm     .   (no cloak)
rCorr   .          Rampage  .   (no gloves)
Will    .....                   (boots unavailable)
Stlth   ++........              (no amulet)
HPRegen 0.08/turn               (no ring)
MPRegen 0.00/turn               (no ring)

@: flying
A: sickness immunity, fire resistance 2, cold vulnerability 1, float, innate
caster, HP casting, extra vitality 1
a: no special abilities


You were on level 2 of the Dungeon.
You visited 1 branch of the dungeon, and saw 2 of its levels.

You collected 97 gold pieces.

Inventory:

Hand Weapons
 c - a +0 spear
 d - a +0 whip
 e - a +2 dagger of draining (weapon)
Armour
 a - a +0 robe (worn)
Scrolls
 f - 4 scrolls of noise
 h - a scroll of identify {unknown}
Potions
 b - a potion of curing
 g - a potion of degeneration {unknown}


   Skills:
 + Level 0.4 Fighting
 + Level 2.5 Dodging
 + Level 1.6 Stealth
 + Level 3.1 Spellcasting


You couldn't memorise any spells.
You knew the following spells:

 Your Spells              Type           Power      Damage    Failure   Level
a - Foxfire               Conj/Fire      56%        2x1d6     4%          1
b - Scorch                Fire           28%        2d6       7%          2
c - Conjure Flame         Conj/Fire      14%        6-21      13%         3
d - Inner Flame           Hex/Fire       14%        N/A       13%         3
e - Flame Wave            Conj/Fire      14%        2d6       41%         4
f - Summon Small Mammal   Summ           56%        N/A       4%          1
Your spell library was empty.

Dungeon Overview and Level Annotations

Branches:
Dungeon (2/15)

Altars:


Innate Abilities, Weirdness & Mutations

You are immune to sickness and miasma.
You are immune to poison.
Your flesh is very heat resistant. (rF++)
You are vulnerable to cold. (rC-)
You float through the air rather than walking.
You learn spells naturally, not from books.
Your magical power is your life essence.
You have superior vitality. (+4 MHP)


Message History

Your foxfire dissipates! 2 gnolls come into view.
The gnoll shouts!
The foxfire hits the gnoll.
The gnoll is lightly wounded.
The hobgoblin hits you with a +0 mace! The hobgoblin attacks as you move away!
The hobgoblin barely misses you.
Casting: Foxfire (safe; 4% risk of failure)
Confirm with . or Enter, or press ? or * to list all spells.
You conjure some foxfire!
The hobgoblin barely misses you.
The gnoll throws a throwing net.
The throwing net barely misses you. The hobgoblin attacks as you move away!
The hobgoblin closely misses you.
The foxfire hits the hobgoblin.
The hobgoblin is heavily wounded.
The foxfire hits the gnoll.
The gnoll is moderately wounded.
The gnoll closely misses you.
Casting: Foxfire (safe; 4% risk of failure)
Confirm with . or Enter, or press ? or * to list all spells.
You conjure some foxfire!
The gnoll barely misses you. The hobgoblin hits you with a +0 mace.
Your foxfire dissipates!
The foxfire hits the hobgoblin.
You kill the hobgoblin!
The gnoll attacks as you move away! The gnoll closely misses you.
Casting: Foxfire (safe; 4% risk of failure)
Confirm with . or Enter, or press ? or * to list all spells.
You conjure some foxfire!
The gnoll barely misses you. The gnoll hits you with a +0 whip.
The foxfire hits the gnoll.
The gnoll is moderately wounded.
The foxfire hits the gnoll but does no damage.
The gnoll is moderately wounded.
The gnoll attacks as you move away! The gnoll closely misses you.
The gnoll attacks as you move away! The gnoll hits you with a +0 whip.
* * * LOW HITPOINT WARNING * * *
There is a stone staircase leading down here.
There are monsters nearby!
The gnoll hits you with a +0 whip.
You die...

#.. ♣.....♣ #####.# #.###
#.....# ### #.# ....
♣.....♣..... ..# ####
######.###.......# ### §..#
........g♣#♣.♣#♣## # ...###
#.......#..#.. ##########
.....# #.....#g..#♣.♣
#......... .....#
#...gg##g.##.#.#.########
.....#
#.....##@..♣.♣.#.....#..
##...#
#......###.....#.....#.##
#### ##.....#
#.♣.♣.#.....#.#. ###.....#
#.....##....#.#. ####.......#
#.♣.♣.##....#.#.
#..........###.....#####'#.#)
#....†.#.......♣.♣.# #.......
#...†..#)........### #.......
#......#(......♣.♣####......#


You could see 3 gnolls.

Vanquished Creatures
  A gnoll (D:2)
  A dart slug (D:2)
  4 ball pythons
  2 endoplasms (D:1)
  2 giant cockroaches (D:1)
  A goblin (D:1)
  A hobgoblin (D:2)
  A quokka (D:1)
  4 bats
  2 kobolds (D:2)
  3 rats
22 creatures vanquished.

Vanquished Creatures (others)
  33 foxfires
33 creatures vanquished.

Grand Total: 55 creatures vanquished

Notes
Turn   | Place    | Note
-------+----------+-------------------------------------------
     0 | D:1      | Destructed3 the Djinni Fire Elementalist began the quest
                  | for the Orb.
     0 | D:1      | Destructed3 set off with the following spells memorised:
                  | Foxfire, Scorch, Conjure Flame, Inner Flame, Flame Wave.
     0 | D:1      | Reached XP level 1. HP: 15/15 MP: 0/0
    43 | D:1      | Found a faded altar of an unknown god.
   337 | D:1      | Reached XP level 2. HP: 20/21 MP: 0/0
  1157 | D:2      | Reached skill level 3 in Spellcasting
  1157 | D:2      | Reached XP level 3. HP: 17/25 MP: 0/0
  1157 | D:2      | Learned a level 1 spell: Summon Small Mammal
  1453 | D:2      | Slain by a gnoll

Illustrated notes

Levels and vault maps discovered:
D:1:      eino_arrival_water_cross, layout_basic,
          hellmonk_ecumenical_altar_lost_god
D:2:      layout_basic, serial_forest, infiniplex_forest_lined_room_2,
          infiniplex_forest_lined_3, infiniplex_forest_corner_2,
          infiniplex_forest_corner_1, infiniplex_forest_zigzag_1,
          infiniplex_forest_clump_curved, infiniplex_forest_lined_room_3,
          infiniplex_forest_end_3

Skill      XL: |  1  2 |
---------------+-------+-----
Spellcasting   | 3 |  3.1
Fighting       | |  0.4
Dodging        | |  2.5
Stealth        | |  1.6

Action                   || total
-------------------------++-------
Melee: Dagger            ||    24
       Unarmed           ||     2
 Cast: Foxfire           ||    25
  Use: Potion            ||     2
       Scroll            ||     3
Armor: Robe              ||    12
Dodge: Dodged            ||    36
